 Seeded DCSS version 0.30-a0-122-g2a1322497e (webtiles) character file.

Game seed: 10806130210677371711 (custom seed)

23 Iusername the Trooper (level 2, 27/27 HPs)
             Began as a Minotaur Fighter on Sept 15, 2022.
             Quit the game on level 1 of the Dungeon.
             The game lasted 00:00:45 (635 turns).

Iusername the Trooper (Minotaur Fighter)             Turns: 635, Time: 00:00:46

Health: 27/27      AC:  7    Str: 20    XL:     2   Next: 75%
Magic:  1/1        EV:  9    Int:  5    God:
Gold:   66         SH:  4    Dex:  9    Spells: 1/1 levels left

rFire   . . .      SeeInvis .    a - +0 long sword
rCold   . . .      Faith    .    c - +0 buckler
rNeg    . . .      Spirit   .    b - +0 scale mail
rPois   .          Reflect  .    (helmet restricted)
rElec   .          Harm     .    (no cloak)
rCorr   .          Rampage  .    (no gloves)
Will    .....                    (no boots)
Stlth   ..........               (no amulet)
HPRegen 0.09/turn                (no ring)
MPRegen 0.07/turn                (no ring)

@: no status effects
A: horns 2, retaliatory headbutt
a: no special abilities


You were on level 1 of the Dungeon.
You visited 1 branch of the dungeon, and saw 1 of its levels.

You collected 66 gold pieces.

Inventory:

Hand Weapons
 a - a +0 long sword (weapon)
Armour
 b - a +0 scale mail (worn)
 c - a +0 buckler (worn)
Scrolls
 j - a scroll of magic mapping {unknown}
 k - a scroll of enchant armour {unknown}
 l - a scroll of teleportation {unknown}
Potions
 d - 2 potions of might
 e - a potion of ambrosia {unknown}
 f - a potion of cancellation {unknown}
 g - a potion of mutation {unknown}
 h - a potion of degeneration {unknown}


   Skills:
 + Level 4.0 Fighting
 + Level 2.9 Long Blades
 + Level 3.9 Armour
 + Level 4.0 Shields


You had one spell level left.
You didn't know any spells.
Your spell library was empty.

Dungeon Overview and Level Annotations

Branches:
Dungeon (1/15)

Altars:


Innate Abilities, Weirdness & Mutations

You have a pair of horns on your head.
You reflexively headbutt those who attack you in melee.


Message History

There is an open door here.
Unknown command.
A hobgoblin is nearby!
Unknown command.
A hobgoblin is nearby!
You block the hobgoblin's attack.
Unknown command.
You barely miss the hobgoblin. The hobgoblin hits you.
A hobgoblin is nearby!
You slash the hobgoblin!
You kill the hobgoblin!
Unknown command.
You see here a hobgoblin corpse.
Found a hand axe.
No target in view!
You now have 66 gold pieces (gained 10).
You open the door.
Key pressed, stopping explore.
Unknown command.
Unknown command.
No target in view!
As you open the door, it creaks loudly!
No target in view!
Unknown command.
You open the door.
There is an open door here.
You see here a +0 short sword.
There is a stone staircase leading down here.
Done exploring.
No target in view!
Unknown command.
Done exploring.
No target in view!
Unknown command.
No target in view!
Done exploring.
The air fills with toxic fumes!
As you read the scroll labelled BODAPLADE KURGH, it crumbles to dust.
It was a scroll of poison.
Are you sure you want to abandon this character and quit the game? (Confirm with "yes".)

########### ######
###########§§§§§§§§§# #.....
#....#....#§§§§§§§§§# #.....
#....#....#§§§§§§§§§# #.....
#....)....#§§§§§§§§§# ##.....
#.........#§§@§§§§§§# #......
#......#'##§§§§§§§§§# #.##...
#......#.##§§§§§§§§§####.##...
#......#.##§§§§§§§§§§....##...
#....###.##§§§§§§§§§§....##...
##....†...##§§§§§§§§§§....#####
#..#'#.#####§§§§§§§§§§...##
###'##.#.#
###§§§§§§§§§§#########
#......#.#
#............##.......


There were no monsters in sight!

Vanquished Creatures
  A ball python (D:1)
  An endoplasm (D:1)
  A giant cockroach (D:1)
  4 goblins (D:1)
  2 hobgoblins (D:1)
  2 quokkas (D:1)
  3 bats (D:1)
  4 kobolds (D:1)
  4 rats (D:1)
22 creatures vanquished.

Notes
Turn   | Place    | Note
-------+----------+-------------------------------------------
     0 | D:1      | Iusername the Minotaur Fighter began the quest for the Orb.
     0 | D:1      | Reached XP level 1. HP: 19/19 MP: 0/0
   223 | D:1      | Reached XP level 2. HP: 26/27 MP: 1/1
   388 | D:1      | Found a faded altar of an unknown god.
   635 | D:1      | Quit the game

Illustrated notes

Levels and vault maps discovered:
D:1:      scummos_arrival_simple_fountains, layout_basic,
          hellmonk_ecumenical_altar_zigzags

Skill      XL: |  1  2 |
---------------+-------+-----
Fighting       | 4 |  4.0
Shields        | 4 |  4.0
Long Blades    | |  2.9
Armour         | |  3.9

Action                   || total
-------------------------++-------
Melee: Long sword        ||    37
       Headbutt          ||     3
  Use: Scroll            ||     1
Armor: Scale mail        ||    18
Dodge: Dodged            ||    21
Block: Buckler           ||     6

Table legend: (Time is in decaauts)
 A = Elapsed time spent in this place.
 B = Non-inter-level travel time spent in this place.
 C = Inter-level travel time spent in this place.
 D = Time resting spent in this place.
 E = Time spent auto-exploring this place.
 F = Levels seen in this place.
 G = Mean time per level.
                   A        B        C        D        E       F      G
               +--------+--------+--------+--------+--------+-----+--------+
         Total |    647 |    647 |      0 |      0 |    508 |   1 |  647.0 |
       Dungeon |    647 |    647 |      0 |      0 |    508 |   1 |  647.0 |
               +--------+--------+--------+--------+--------+-----+--------+

Top non-repeatable levels by time:
     D:1: 647 daAuts
